 Dungeon Crawl Stone Soup version 0.32-a0-685-g93135e86f0 (webtiles) character file.

Game seed: 17186803517373489172

434 pokeman the Magician (level 6, -3/26 (35) HPs)
             Began as a Deep Elf Hedge Wizard on Mar 13, 2024.
             Slain by an elf zombie (5 damage)
             ... in an ossuary.
             The game lasted 00:08:29 (4976 turns).

pokeman the Magician (Deep Elf Hedge Wizard)        Turns: 4976, Time: 00:08:29

HP:   -3/26 (35)    AC:  4    Str:  7    XL:     6   Next: 67%
MP:   18/18         EV: 13    Int: 21    God:
Gold: 232           SH:  5    Dex: 14    Spells: 11/19 levels left

rFire   . . .        w - +0 hand axe (heavy)
rCold   . . .        (no shield)
rNeg    . . .        b - +0 robe
rPois   .            c - +0 hat
rElec   .            (no cloak)
rCorr   .            l - +0 pair of gloves
SInv    .            q - +0 pair of boots
Will    .....        t - amulet of reflection
Stlth   ++           (no ring)
HPRegen 0.24/turn    (no ring)
MPRegen 0.16/turn

%: reflection
@: very heavily drained
A: no striking features
a: no special abilities


You were in an ossuary.
You visited 1 branch of the dungeon, and saw 5 of its levels.
You also visited: Ossuary.

You collected 232 gold pieces.

Inventory:

Hand Weapons
 w - a +0 heavy hand axe (weapon)
 y - a +2 hand axe of venom
Armour
 b - a +0 robe (worn)
 c - a +0 hat (worn)
 l - a +0 pair of gloves (worn)
 q - a +0 pair of boots (worn)
Jewellery
 t - an amulet of reflection (around neck)
Wands
 o - a wand of flame (16)
Scrolls
 a - 2 scrolls of vulnerability {unknown}
 g - 4 scrolls of identify {unknown}
 j - a scroll of noise {unknown}
 k - 5 scrolls of teleportation {unknown}
 m - 4 scrolls of immolation {unknown}
 n - a scroll of torment {unknown}
 p - 2 scrolls of poison {unknown}
 r - 2 scrolls of silence {unknown}
 u - a scroll of amnesia {unknown}
 v - a scroll of enchant armour {unknown}
Potions
 d - a potion of magic
 e - 5 potions of curing {unknown}
 f - a potion of lignification {unknown}
 h - a potion of cancellation {unknown}
 i - a potion of enlightenment {unknown}
 s - 2 potions of haste {unknown}
 x - a potion of resistance {unknown}


   Skills:
 + Level 1.8 Fighting
 - Level 1.0 Armour
 - Level 3.0 Dodging
 - Level 3.0 Stealth
 * Level 7.4 Spellcasting
 + Level 3.4 Conjurations
 - Level 1.1 Summonings
 - Level 1.1 Translocations
 - Level 1.0 Air Magic
 - Level 1.0 Alchemy
 - Level 1.0 Evocations


You had 11 spell levels left.
You knew the following spells:

 Your Spells              Type           Power      Damage    Failure   Level
a - Magic Dart            Conj           88%        1d7       1%          1
b - Mephitic Cloud        Conj/Alch/Air  15%        N/A       12%         3
c - Call Imp              Summ           24%        N/A       9%          2
d - Blink                 Tloc           24%        N/A       9%          2

Your spell library contained the following spells:

 Spells                   Type           Power      Damage    Failure   Level
 Slow                     Hex            28%        N/A       9%          1
 Lesser Beckoning         Tloc           24%        N/A       9%          2
 Cigotuvi's Dreadful Rot  Necr/Alch/Air  20%        N/A       10%         2
 Gell's Gravitas          Tloc           12%        N/A       16%         3
 Teleport Other           Tloc           12%        N/A       16%         3


Dungeon Overview and Level Annotations

Branches:
Dungeon (5/15)            Ossuary (1/1)
 Temple: D:4-7

Altars:
Sif Muna

Shops:
D:4 :


Message History

The elf zombie closely misses you.
Your cerulean imp hits the elf zombie from afar with a -3 spear.
You block the elf zombie's attack.
You hit the elf zombie.
The elf zombie is heavily damaged.
Your cerulean imp hits the elf zombie from afar with a -3 spear.
Your cerulean imp closely misses the elf zombie.
The elf zombie hits your cerulean imp.
Your cerulean imp hits the elf zombie with a -3 spear.
There is a huge open gate here.
You closely miss the elf zombie.
The elf zombie is severely damaged.
Your cerulean imp hits the elf zombie but does no damage.
The elf zombie hits you.
Your cerulean imp barely misses the elf zombie.
The elf zombie hits you.
* * * LOW HITPOINT WARNING * * *
You closely miss the elf zombie.
The elf zombie is severely damaged.
Your cerulean imp hits the elf zombie with a -3 spear.
The elf zombie hits you but does no damage.
Your cerulean imp hits the elf zombie with a -3 spear.
The elf zombie barely misses your cerulean imp.
Unknown command.
You closely miss the elf zombie.
The elf zombie is almost destroyed.
Your cerulean imp hits the elf zombie with a -3 spear.
The elf zombie misses you.
Your cerulean imp barely misses the elf zombie.
Unknown command.
You closely miss the elf zombie.
The elf zombie is almost destroyed.
Your cerulean imp disappears in a puff of smoke!
The elf zombie misses you. The elf zombie hits you!
* * * LOW HITPOINT WARNING * * *
Unknown command.
You hit the elf zombie.
The elf zombie is almost destroyed.
The elf zombie hits you.
You die...

#.##.....#
#..'.....#
##.'#....#
#.^##...#
##.^##..#
##..##.#
+########''''#
.......'.....#
..ß..§Z@.....#
.....§.'######
......#'.
##########


You could see an elf zombie.

Vanquished Creatures
  3 bombardier beetles
  An orc wizard (D:4)
  2 iguanas (D:4)
  2 spectral hounds (Ossuary)
  8 adders
  A white imp (D:4)
  2 spectral adders (Ossuary)
  2 spectral gnolls (Ossuary)
  5 dart slugs
  A ribbon worm (D:2)
  7 orcs
  5 bats
  3 endoplasms
  4 giant cockroaches
  2 gnoll zombies (Ossuary)
  4 goblins
  12 hobgoblins
  6 jackals
  3 quokkas
  4 ball pythons
  5 frilled lizards
  2 kobolds
  2 kobold zombies (Ossuary)
  3 orc zombies (Ossuary)
  7 rats
  2 spectral jackals (Ossuary)
98 creatures vanquished.

Vanquished Creatures (collateral kills)
  A spectral hound (Ossuary)
  A mummy (Ossuary)
  A spectral adder (Ossuary)
3 creatures vanquished.

Grand Total: 101 creatures vanquished

Notes
Turn   | Place    | Note
-------+----------+-------------------------------------------
     0 | D:1      | pokeman the Deep Elf Hedge Wizard began the quest for the
                  | Orb.
     0 | D:1      | Reached XP level 1. HP: 10/10 MP: 7/7
   390 | D:1      | Reached XP level 2. HP: 15/16 MP: 4/9
   948 | D:1      | Reached skill level 5 in Spellcasting
  1546 | D:2      | Reached XP level 3. HP: 20/20 MP: 9/11
  1550 | D:2      | Learned a level 3 spell: Mephitic Cloud
  1553 | D:2      | Learned a level 2 spell: Call Imp
  1556 | D:2      | Learned a level 2 spell: Blink
  2129 | D:2      | Reached skill level 1 in Fighting
  2408 | D:2      | Reached skill level 1 in Armour
  2822 | D:2      | Reached XP level 4. HP: 24/25 MP: 1/13
  3541 | D:3      | Found a shimmering blue altar of Sif Muna.
  3590 | D:4      | Reached skill level 6 in Spellcasting
  3593 | D:4      | Reached XP level 5. HP: 29/29 MP: 8/15
  4001 | D:4      | Reached skill level 1 in Air Magic
  4001 | D:4      | Reached skill level 1 in Alchemy
  4001 | D:4      | Reached skill level 1 in Evocations
  4164 | D:4      | Reached XP level 6. HP: 34/34 MP: 12/17
  4436 | D:4      | Found Ylupsa Myogg's Book Shop.
  4637 | D:5      | Entered Level 5 of the Dungeon
  4662 | D:5      | Found a sand-covered staircase.
  4677 | Ossuary  | Entered an ossuary
  4688 | Ossuary  | Reached skill level 7 in Spellcasting
  4976 | Ossuary  | Slain by an elf zombie

Illustrated notes

Levels and vault maps discovered:
D:1:      spicycebolla_arrival_ecumenical, layout_basic, grunt_decor_junction
D:2:      layout_basic, kennysheep_another_room
D:3:      layout_rooms, lemuel_blue_sif_altar, nicolae_the_louvre
D:4:      minmay_angry_zag, layout_rooms, serial_shops, shop,
          kennysheep_generic_room_5
D:5:      layout_cave_pools, serial_shops, kennysheep_mini, shop,
          nicolae_shop_tiny_waterfront, nicolae_ossuary_entry_false_entrances,
          minmay_misc_feat_doors
Ossuary:  ossuary_zaba_two_paths

Skill      XL: |  1  2  3  4  5  6 |
---------------+-------------------+-----
Spellcasting   | 5 6 7 |  7.4
Fighting       | 1 |  1.8
Armour         | 1 |  1.0
Conjurations   | 2 3 |  3.4
Dodging        | 3 |  3.0
Stealth        | 3 |  3.0
Air Magic      | 1 |  1.0
Alchemy        | 1 |  1.0
Evocations     | 1 |  1.0
Summonings     | |  1.1
Translocations | |  1.1

Action                     |  1- 3 |  4- 6 || total
---------------------------+-------+-------++-------
  Melee: Dagger            |    25 |    29 ||    54
         Hand axe          |       |    83 ||    83
   Cast: Magic Dart        |   131 |   110 ||   241
         Mephitic Cloud    |     1 |     8 ||     9
         Call Imp          |       |     3 ||     3
   Stab: Confused          |     2 |     5 ||     7
         Sleeping          |       |     1 ||     1
 Armour: Robe              |    34 |    77 ||   111
  Dodge: Dodged            |    35 |    83 ||   118
  Block: Other             |       |    27 ||    27

Table legend: (Time is in decaauts)
 A = Elapsed time spent in this place.
 B = Non-inter-level travel time spent in this place.
 C = Inter-level travel time spent in this place.
 D = Time resting spent in this place.
 E = Time spent auto-exploring this place.
 F = Levels seen in this place.
 G = Mean time per level.
                   A        B        C        D        E       F      G
               +--------+--------+--------+--------+--------+-----+--------+
         Total |   5055 |   4967 |     88 |    254 |   3926 |   6 |  842.5 |
       Dungeon |   4698 |   4610 |     88 |    190 |   3811 |   5 |  939.6 |
       Ossuary |    357 |    357 |      0 |     64 |    115 |   1 |  357.0 |
               +--------+--------+--------+--------+--------+-----+--------+

Top non-repeatable levels by time:
     D:1: 1531 daAuts
     D:2: 1358 daAuts
     D:4: 983 daAuts
     D:3: 785 daAuts
 Ossuary: 357 daAuts
     D:5: 39 daAuts
